 Dungeon Crawl Stone Soup version 0.19.0-20-gbc5f0c6 (webtiles) character file.

177 toast the Skirmisher (level 5, -6/47 HPs)
             Began as a Minotaur Fighter on Nov 17, 2016.
             Mangled by an ogre
             ... wielding a cursed -2 giant spiked club
              (19 damage)
             ... on level 4 of the Dungeon.
             The game lasted 00:05:39 (2273 turns).

toast the Skirmisher (Minotaur Fighter)             Turns: 2273, Time: 00:05:40

Health: -6/47      AC: 10    Str: 22    XL:     5   Next: 30%
Magic:  4/4        EV:  7    Int:  5    God:
Gold:   191        SH:  9    Dex:  9    Spells: 0 memorised, 4 levels left

rFire  . . .     SeeInvis .     t - +2 falchion (elec)
rCold  . . .     Gourm    .     b - +0 scale mail
rNeg   . . .     Faith    .     c - +0 shield
rPois  .         Spirit   .     (helmet restricted)
rElec  .         Reflect  .     n - +0 cloak
rCorr  .         Harm     .     i - +1 pair of gloves
MR     .....                    (no boots)
Stlth  ..........               m - amulet of rage
                                (no ring)
                                (no ring)

@: no status effects
A: retaliatory headbutt, horns 2
a: Evoke Berserk Rage


You were on level 4 of the Dungeon.
You were not hungry.

You visited 1 branch of the dungeon, and saw 4 of its levels.

You collected 191 gold pieces.

Inventory:

Hand Weapons
 a - a +0 long sword
 t - a +2 falchion of electrocution (weapon)
Armour
 b - a +0 scale mail (worn)
 c - a +0 shield (worn)
 i - a +1 pair of gloves (worn)
 n - a +0 cloak (worn)
Jewellery
 m - an amulet of rage (around neck)
 p - a cursed ring of loudness {unknown}
Scrolls
 e - 2 scrolls of teleportation
Potions
 d - a potion of might
 j - a potion of magic
 l - a potion of berserk rage {unknown}
 q - a potion of beneficial mutation {unknown}
 r - a potion of flight {unknown}
 s - a potion of cancellation {unknown}
 u - a potion of curing {unknown}
Comestibles
 f - 2 bread rations
 g - 2 beef jerkies
 h - 3 chunks of flesh
 k - 2 meat rations


   Skills:
 + Level 4.7 Fighting
 * Level 4.7 Long Blades
 + Level 4.4 Armour
 + Level 4.4 Shields


You had 4 spell levels left.
You didn't know any spells.

Dungeon Overview and Level Annotations

Branches:
Dungeon (3/15)

Altars:


Innate Abilities, Weirdness & Mutations

You reflexively headbutt those who attack you in melee.
You have a pair of horns on your head.


Message History

You are too injured to fight recklessly!
You are too injured to fight recklessly!
You are too injured to fight recklessly!
You are too injured to fight recklessly!
You are too injured to fight recklessly!
You are too injured to fight recklessly!
You are too injured to fight recklessly!
You are too injured to fight recklessly!
You are too injured to fight recklessly!
You are too injured to fight recklessly!
You are too injured to fight recklessly!
You are too injured to fight recklessly!
You are too injured to fight recklessly!
You are too injured to fight recklessly!
Your shield and scale mail prevent you from hitting the ogre.
The ogre is severely wounded.
You hit the ogre.
The ogre is almost dead.
The ogre hits you with a giant spiked club!!
You die...

##...#### .. ###
##....... .#..
##.......# ....
#......... ...
+......... #..
#......... #l#
##.......# #O#
##..(..## #@# ##...##
#.# ##'## #####.#####
#.#
#.........#######.#
#.###..........##.####
#......###.#......
##.##..# #......##
#)##..###.#...##
#.####.##.........##


You could see an ogre and an iguana.

Vanquished Creatures
  2 orc priests (D:3)
  Crazy Yiuf (D:2)
  3 worms
  2 dart slugs (D:1)
  3 leopard geckos
  7 orcs
  8 bats
  4 giant cockroaches (D:2)
  6 goblins
  6 hobgoblins
  4 jackals (D:1)
  7 kobolds
  A quokka (D:2)
  3 frilled lizards
  A leopard gecko zombie (D:3)
  6 rats
64 creatures vanquished.

Notes
Turn   | Place    | Note
-------+----------+-------------------------------------------
     0 | D:1      | toast the Minotaur Fighter began the quest for the Orb.
     0 | D:1      | Reached XP level 1. HP: 19/19 MP: 0/0
     6 | D:1      | Noticed a minotaur zombie
    13 | D:1      | Noticed a merfolk zombie
   284 | D:1      | Reached XP level 2. HP: 26/27 MP: 1/1
  1018 | D:2      | Reached XP level 3. HP: 33/33 MP: 2/2
  1078 | D:2      | Found a runed door.
  1123 | D:2      | Noticed Crazy Yiuf
  1127 | D:2      | Killed Crazy Yiuf
  1175 | D:2      | Reached XP level 4. HP: 33/40 MP: 3/3
  2043 | D:3      | Reached XP level 5. HP: 47/47 MP: 4/4
  2200 | D:3      | You fall through a shaft!
  2266 | D:4      | Noticed an ogre
  2273 | D:4      | Mangled by an ogre

Skill      XL: |  1  2  3  4 |
---------------+-------------+-----
Long Blades    | 3 4 |  4.7
Armour         | 4 |  4.4
Shields        | 4 |  4.4
Fighting       | 4 |  4.7

Action                   |  1- 3 |  4- 6 || total
-------------------------+-------+-------++-------
Melee: Long sword        |    71 |    44 ||   115
       Headbutt          |     9 |    15 ||    24
       Falchion          |       |    32 ||    32
  Use: Scroll            |     4 |     2 ||     6
  Eat: Chunk             |     1 |     4 ||     5
Armor: Scale mail        |    48 |    26 ||    74
Dodge: Dodged            |    25 |    28 ||    53
Block: Shield            |    44 |    41 ||    85
       Rpst.: Long sword |     8 |     7 ||    15
       Falchion          |       |     3 ||     3
